 Dungeon Crawl Stone Soup version 0.23-a0-358-g98c7a59 (webtiles) character file.

65 MisterFreud the Sneak (level 3, -2/16 HPs)
             Began as a Felid Artificer on Oct 22, 2018.
             Slain by a goblin (3 damage)
             ... led by Robin
             ... on level 2 of the Dungeon.
             The game lasted 00:03:24 (1843 turns).

MisterFreud the Sneak (Felid Artificer)             Turns: 1843, Time: 00:03:25

Health: -2/16      AC:  3    Str: 14    XL:     3   Next: 94%
Magic:  6/6        EV: 18    Int: 10    God:
Gold:   57         SH:  0    Dex: 16    Spells: 2/2 levels left
                                        Lives:  0   Deaths: 0

rFire    . . .     SeeInvis +     - Unarmed
rCold    . . .     Gourm    .   (shield unavailable)
rNeg     . . .     Faith    .   (armour unavailable)
rPois    .         Spirit   .   (helmet unavailable)
rElec    +         Reflect  .   (cloak unavailable)
rCorr    .         Harm     .   (gloves unavailable)
MR       .....                  (boots unavailable)
Stlth    ++++......             (no amulet)
HPRegen  0.05/turn              (no ring)
MPRegen  0.10/turn              (no ring)

@: mighty, quick
A: very small, no armour, no weapons or thrown items, stealth, claws 1, fangs 3,
thin metallic scales 1, see invisible, carnivore, dopey 1, speed 1, robust 1,
shaggy fur 1, electricity resistance, slow metabolism 1, sharp paws
a: no special abilities


You were on level 2 of the Dungeon.
You were completely stuffed.

You visited 1 branch of the dungeon, and saw 3 of its levels.

You collected 57 gold pieces.

Inventory:

Wands
 a - a wand of flame (13)
 b - a wand of enslavement (15)
 c - a wand of random effects (15)
Scrolls
 e - a scroll of remove curse
 h - a scroll of fear {unknown}
 i - a scroll of immolation {unknown}
 k - a scroll of teleportation {unknown}
Potions
 j - 2 potions of cancellation
Comestibles
 d - 3 rations
 f - 2 chunks of flesh


   Skills:
 - Level 1.0 Fighting
 - Level 2.6 Dodging
 + Level 5.6 Stealth
 - Level 1.0 Unarmed Combat
 - Level 3.2 Evocations


You had 2 spell levels left.
You didn't know any spells.
Your spell library was empty.

Dungeon Overview and Level Annotations

Branches:
Dungeon (3/15)

Altars:

Annotations:
D:2 Robin


Innate Abilities, Weirdness & Mutations

You cannot wear armour.
You are incapable of wielding weapons or throwing items.
Your paws allow you to move quietly. (Stealth)
You have sharp claws.
You have razor-sharp teeth.
You have supernaturally acute eyesight. (SInv)
You are carnivorous and can eat meat at any time.
You cover ground quickly.
You are covered in fur. (AC +1)
You have a slow metabolism.
Your sharp claws are effective at attacking unaware monsters.
You are partially covered in thin metallic scales. (AC +2)
You are dopey. (Int -2)
You are robust. (+10% HP)
You are resistant to electric shocks. (rElec)


Message History

Okay, then.
Unknown command.
It was a potion of mutation.
You feel extremely strange.
You feel robust.
Thin metallic scales grow over part of your body.
You feel stupid.
You feel insulated.
Robin's horned helmet rattles.
Robin hits you with a +0 mace. The goblin misses you.
You scratch Robin.
Robin is moderately wounded.
The goblin hits you but does no damage.
It was a potion of might.
You feel very mighty all of a sudden. Robin completely misses you.
The goblin hits you but does no damage.
You barely miss Robin. Your bite misses Robin.
Robin is moderately wounded.
Robin hits you with a +0 mace.
* * * LOW HITPOINT WARNING * * *
The goblin hits you.
You die...

#####
##.##.#.# #.#
...<#
#..#.#.######
#.# #####
##.#.#......#
#.#
#.#.######.#
#.# #...#
####.######.#
##..#
#<..........#
#.g#
####.########
##g# #.# #@#
#.# #g# #.#
#.# #.#
#####.# #.#
#.....# #.#
#.##### #.#
#.# ###.#
#.##### #...#
#.....# #.###


You could see Robin, a hobgoblin and a goblin.

Vanquished Creatures
  2 adders (D:2)
  A worm (D:2)
  A dart slug (D:1)
  2 leopard geckos
  4 bats (D:1)
  2 giant cockroaches (D:1)
  5 hobgoblins
  5 jackals (D:1)
  3 kobolds (D:2)
  2 frilled lizards (D:1)
  5 goblins
  6 rats
38 creatures vanquished.

Notes
Turn   | Place    | Note
-------+----------+-------------------------------------------
     0 | D:1      | MisterFreud the Felid Artificer began the quest for the
                  | Orb.
     0 | D:1      | Reached XP level 1. HP: 9/9 MP: 4/4
    53 | D:1      | Reached skill level 2 in Stealth
   363 | D:1      | Reached skill level 3 in Stealth
   363 | D:1      | Reached XP level 2. HP: 12/12 MP: 5/5
   514 | D:1      | Reached skill level 4 in Stealth
   986 | D:1      | Reached XP level 3. HP: 15/15 MP: 6/6
  1577 | D:2      | Reached skill level 5 in Stealth
  1772 | D:3      | Noticed Robin
  1840 | D:2      | Gained mutation: You are robust. (+10% HP) [potion of
                  | mutation]
  1840 | D:2      | Gained mutation: You are partially covered in thin metallic
                  | scales. (AC +2) [potion of mutation]
  1840 | D:2      | Gained mutation: You are dopey. (Int -2) [potion of
                  | mutation]
  1840 | D:2      | Gained mutation: You are resistant to electric shocks.
                  | (rElec) [potion of mutation]
  1843 | D:2      | Slain by a goblin

Vault maps used:
D:1:      psy_arrival_statuary
D:2:      minivault_11
D:3:      okawaru_gym_becter, uniq_terence, uniq_jessica, uniq_robin,
          uniq_sigmund, uniq_crazy_yiuf_cottage

Skill      XL: |  1  2  3 |
---------------+----------+-----
Stealth        | 3 4 5 |  5.6
Fighting       | |  1.0
Dodging        | |  2.6
Unarmed Combat | |  1.0
Evocations     | |  3.2

Action                   || total
-------------------------++-------
Melee: Unarmed           ||   119
       Bite              ||     8
       Punch             ||     1
Evoke: Wand              ||     2
  Use: Scroll            ||     2
       Potion            ||     2
 Stab: Sleeping          ||    12
       Distracted        ||     2
  Eat: Chunk             ||     9
Armor: Skin              ||     4
Dodge: Dodged            ||    97

Table legend:
 A = Non-vault XP
 B = Vault XP
 C = Vault XP percentage of total XP
 D = Non-vault monster count
 E = Vault monster count
 F = Vault count percentage of total count
                 A         B        C        D         E       F
            +---------+---------+-------+---------+---------+-------
      Total |      94 |       0 |   0.0 |      38 |       0 |   0.0
            +---------+---------+-------+---------+---------+-------
        D:1 |      44 |       0 |   0.0 |      25 |       0 |   0.0
        D:2 |      50 |       0 |   0.0 |      13 |       0 |   0.0
            +---------+---------+-------+---------+---------+-------
